[Event "Titled Tuesday Blitz July 18 Early 2023"]
[White "Baskakov, Egor"]
[Black "Sargsyan, Anna M."]
[WhiteFideId "24197866"]
[BlackFideId "13308130"]
[WhiteElo "2866"]
[BlackElo "2571"]
[Result "0-1"]
[Round "6"]
[TimeControl "180+2"]
[Date "2023.07.18"]
[WhiteClock "0:00:20"]
[BlackClock "0:00:15"]
[Board "50"]

1. e4 c6 2. d4 d5 3. e5 c5 4. c4 Nc6 5. Nf3 Bg4 6. cxd5 Qxd5 7. Nc3 Bxf3 8. Nxd5 Bxd1 9. Nc7+ Kd8 10. Nxa8 Bg4 11. dxc5 Kc8 12. Be3 e6 13. f3 Bf5 14. O-O-O Nge7 15. Bc4 Nxe5 16. Be2 Nd5 17. Bf2 Be7 18. h4 h5 19. a3 Nf4 20. Kd2 Rd8+ 21. Ke1 Nfd3+ 22. Kf1 Nxf2 23. Kxf2 Kb8 24. Rxd8+ Bxd8 25. Rd1 Be7 26. b4 Kxa8 27. f4 Ng4+ 28. Bxg4 Bxg4 29. Rd7 Bxh4+ 30. g3 Bf6 31. Rxf7 Kb8 32. Ke3 Bf5 33. b5 Bg6 34. Rf8+ Kc7 35. Ra8 Be7 36. Kd4 h4 37. gxh4 Bxh4 38. a4 Bf2+ 39. Kc4 Bh5 40. Rg8 Be2+ 41. Kb4 Bd4 42. Re8 Kd7 43. Rb8 Bf3 44. a5 Be3 45. b6 a6 46. Rg8 Bd4 47. Kc4 Bf6 48. Rb8 Be2+ 49. Kb4 Bf3 50. Kc4 Bd5+ 51. Kb4 Bb2 52. Rg8 Bc6 53. Kb3 Bd4 54. Kc4 Bf6 55. Kb4 Ke7 56. Rc8 Kd7 57. Rc7+ Kd8 58. Kc4 Bd5+ 59. Kb4 Bb2 60. Rf7 Bf6 61. Rc7 e5 62. c6 Bxc6 63. f5 e4 64. Kc4 Be5 65. Rf7 e3 66. Kd3 e2 67. Kxe2 Ke8 68. Rxg7 Bxg7 69. f6 Bxf6 70. Kd3 Kf7 71. Kc4 Ke6 72. Kb3 Be5 73. Kb4 Bd6+ 74. Kb3 Kd5 75. Kb2 Kc5 76. Kb1 Kb5 77. Kb2 Kxa5 78. Kb1 Kxb6 79. Kb2 a5 80. Kb1 Bb5 81. Kb2 a4 82. Kb1 Kc5 83. Ka2 Kb4 84. Kb1 a3 85. Ka2 Bc4+ 86. Kb1 a2+ 87. Kc2 a1=Q 88. Kd2 Qc3+ 89. Kd1 Bb3+ 90. Ke2 Bc4+ 91. Kf2 Qd2+ 92. Kg1 Bc5+ 93. Kh1 Bd5# 0-1


[Site "https://www.chess.com"]

[Event "Titled Tuesday Blitz July 18 Early 2023"]
[White "NovoselovRoman"]
[Black "Gorovets, Andrey"]
[BlackFideId "13504037"]
[WhiteElo "2564"]
[BlackElo "2837"]
[Result "1/2-1/2"]
[Round "6"]
[TimeControl "180+2"]
[Date "2023.07.18"]
[WhiteClock "0:00:16"]
[BlackClock "0:00:06"]
[Board "51"]

1. e4 c5 2. Nc3 Nc6 3. g3 g6 4. Bg2 Bg7 5. d3 d6 6. f4 f5 7. Nf3 Nh6 8. O-O O-O 9. h3 Nf7 10. Be3 Nd4 11. Qd2 Rb8 12. Nd1 e5 13. Kh2 b6 14. c3 Nxf3+ 15. Bxf3 Qd7 16. exf5 gxf5 17. Bd5 Bb7 18. Qg2 Bxd5 19. Qxd5 Rbe8 20. Nf2 Kh8 21. Rae1 Qe6 22. Qxe6 Rxe6 23. Bd2 Rfe8 24. g4 fxg4 25. f5 g3+ 26. Kxg3 R6e7 27. Ng4 Rd7 28. c4 d5 29. f6 Bf8 30. Bc3 e4 31. cxd5 Rxd5 32. dxe4 Bd6+ 33. Kg2 Rg5 34. Rf5 Rxf5 35. exf5 Rxe1 36. Bxe1 h5 37. Ne3 Be5 38. Bc3 Kg8 39. Kf3 Ng5+ 40. Kg2 Bxc3 41. bxc3 Kf7 42. h4 Ne4 43. Nd5 Nxf6 44. Nf4 b5 45. Kf3 b4 46. cxb4 cxb4 47. Ke3 Ke7 48. Kd4 Kd6 49. Kc4 Ke5 50. Nxh5 Nxh5 51. Kxb4 Kxf5 52. Kb5 Nf6 53. Ka6 Nd5 54. Kxa7 Nc3 55. a3 Nb5+ 56. Kb6 Nxa3 57. h5 Kg5 58. h6 Kxh6 1/2-1/2


[Site "https://www.chess.com"]

[Event "Titled Tuesday Blitz July 18 Early 2023"]
[White "KhalilMousavi98"]
[Black "Makkar, Rajat"]
[BlackFideId "36016810"]
[WhiteElo "2803"]
[BlackElo "2564"]
[Result "1-0"]
[Round "6"]
[TimeControl "180+2"]
[Date "2023.07.18"]
[WhiteClock "0:00:52"]
[BlackClock "0:00:07"]
[Board "52"]

1. e4 e5 2. Nf3 Nc6 3. Bb5 a6 4. Ba4 Nf6 5. d3 b5 6. Bb3 Bc5 7. Nc3 d6 8. Nd5 h6 9. c3 O-O 10. Nxf6+ Qxf6 11. Bd5 Bd7 12. Rg1 h5 13. h3 Rae8 14. g4 hxg4 15. hxg4 Ne7 16. Bg5 Qg6 17. Bxe7 Rxe7 18. Nh4 Qg5 19. Nf5 Bxf5 20. exf5 e4 21. dxe4 Rfe8 22. Qf3 Re5 23. Rd1 Qh4 24. Rh1 Bxf2+ 25. Kf1 Qg3 26. Qxf2 Qxg4 27. Rd3 Rxd5 28. exd5 Qe4 29. Rhh3 Re5 30. Rhf3 Qc4 31. b3 Qe4 32. Rde3 Qxd5 33. Rxe5 dxe5 34. f6 g6 35. Qe3 e4 36. Rf4 Qd1+ 37. Kf2 Qc2+ 38. Kg3 Qd1 39. Rxe4 Qh1 40. Rh4 Qd5 41. Rh8+ Kxh8 42. Qh6+ Kg8 43. Qg7# 1-0


[Site "https://www.chess.com"]

[Event "Titled Tuesday Blitz July 18 Early 2023"]
[White "Pakleza, Zbigniew"]
[Black "Zhang, Eric"]
[WhiteFideId "1119290"]
[BlackFideId "30907667"]
[WhiteElo "2796"]
[BlackElo "2561"]
[Result "1-0"]
[Round "6"]
[TimeControl "180+2"]
[Date "2023.07.18"]
[WhiteClock "0:01:52"]
[BlackClock "0:00:15"]
[Board "53"]

1. d4 Nf6 2. Nf3 e6 3. Bf4 c5 4. c3 Nc6 5. e3 b6 6. Nbd2 Bb7 7. Nc4 d5 8. Nce5 Nxe5 9. Nxe5 Bd6 10. Qa4+ Ke7 11. Ba6 Bxe5 12. dxe5 Bxa6 13. exf6+ gxf6 14. Qxa6 Qd7 15. O-O-O Rhg8 16. Bg3 Qc6 17. e4 d4 18. Qd3 Rgd8 19. f3 c4 20. Qd2 d3 21. Bh4 Qc5 22. Qf4 1-0


[Site "https://www.chess.com"]

[Event "Titled Tuesday Blitz July 18 Early 2023"]
[White "Guliev, Logman"]
[Black "Oro, Faustino"]
[WhiteFideId "13400061"]
[BlackFideId "20000197"]
[WhiteElo "2560"]
[BlackElo "2784"]
[Result "1-0"]
[Round "6"]
[TimeControl "180+2"]
[Date "2023.07.18"]
[WhiteClock "0:00:10"]
[BlackClock "0:00:13"]
[Board "54"]

1. e4 e5 2. Nf3 Nc6 3. Bb5 a6 4. Ba4 Nf6 5. O-O b5 6. Bb3 Bc5 7. c3 O-O 8. d4 Bb6 9. a4 Rb8 10. axb5 axb5 11. dxe5 Nxe4 12. Bd5 Nc5 13. Bg5 Qe8 14. Re1 Ne7 15. Ba2 Bb7 16. Na3 Ne4 17. Be3 Bxe3 18. Rxe3 Nf5 19. Re1 Ba8 20. Bd5 Nc5 21. Bxa8 Rxa8 22. Nxb5 Rxa1 23. Qxa1 Qb8 24. Nbd4 Ne7 25. Qa3 Qb6 26. c4 Ng6 27. b4 Ne6 28. c5 Qb7 29. Qc3 Qd5 30. Nf5 Re8 31. g3 h6 32. h4 Ngf8 33. N3d4 Nd8 34. Nb5 Nfe6 35. Qc2 Nc6 36. Rd1 Qxe5 37. Rxd7 Nxb4 38. Qd2 Qd5 39. Rxd5 1-0


[Site "https://www.chess.com"]

[Event "Titled Tuesday Blitz July 18 Early 2023"]
[White "Siniauski, Artsiom"]
[Black "Stribuk, Artiom"]
[WhiteFideId "13512269"]
[BlackFideId "13515659"]
[WhiteElo "2559"]
[BlackElo "2769"]
[Result "1-0"]
[Round "6"]
[TimeControl "180+2"]
[Date "2023.07.18"]
[WhiteClock "0:00:05"]
[BlackClock "0:00:00"]
[Board "55"]

1. e4 c5 2. Nf3 d6 3. Bb5+ Nd7 4. d4 cxd4 5. Qxd4 a6 6. Bxd7+ Bxd7 7. c4 Nf6 8. Bg5 e6 9. O-O Be7 10. Nc3 O-O 11. Rfd1 Bc6 12. Qd3 h6 13. Bf4 b5 14. cxb5 Bxb5 15. Nxb5 axb5 16. Bxd6 Bxd6 17. Qxd6 Qxd6 18. Rxd6 Nxe4 19. Rb6 Rfc8 20. Ne1 Rc5 21. f3 Nd2 22. Rd1 Nc4 23. Rb7 Nxb2 24. Rdd7 Rf5 25. Nc2 Rxa2 26. Nd4 Rf6 27. h4 Nd3 28. h5 Nf4 29. g4 Ra8 30. Nxb5 Nd5 31. Kg2 Rf8 32. Nd6 Rf4 33. Kg3 Rf6 34. Ne4 Rf4 35. Nc5 Rf6 36. Ra7 g6 37. Ne4 Rf4 38. hxg6 Rxe4 39. fxe4 Nf6 40. Rxf7 Nxe4+ 41. Kf4 Ng5 42. Rxf8+ Kxf8 43. Ke5 Kg8 44. Kf6 Ne4+ 45. Kxe6 Ng5+ 46. Kf5 Kf8 47. Ra6 Kg7 48. Ra1 Kg8 49. Ra7 Kf8 50. Kf6 Ne4+ 51. Ke5 Kg8 52. Kxe4 1-0


[Site "https://www.chess.com"]

[Event "Titled Tuesday Blitz July 18 Early 2023"]
[White "djokovic74"]
[Black "Mamedov, Edgar"]
[BlackFideId "13739980"]
[WhiteElo "2751"]
[BlackElo "2558"]
[Result "0-1"]
[Round "6"]
[TimeControl "180+2"]
[Date "2023.07.18"]
[WhiteClock "0:00:50"]
[BlackClock "0:00:13"]
[Board "56"]

1. e4 c5 2. Nf3 Nc6 3. d4 cxd4 4. Nxd4 Nf6 5. Nc3 e5 6. Ndb5 d6 7. Bg5 a6 8. Na3 b5 9. Nd5 Be7 10. Bxf6 Bxf6 11. c4 b4 12. Nc2 a5 13. b3 g6 14. g3 Bg7 15. Bg2 O-O 16. O-O Be6 17. Qd3 Nb8 18. Rad1 Na6 19. f4 Nc5 20. Qd2 a4 21. bxa4 Bxd5 22. Qxd5 Rxa4 23. Qxd6 Qxd6 24. Rxd6 exf4 25. gxf4 Bc3 26. Rb1 Rb8 27. e5 Rxa2 28. Ne3 b3 29. Nd5 Bd4+ 30. Kh1 Ra1 31. Nf6+ Kg7 32. Rxa1 Bxa1 33. Be4 Nxe4 34. Nxe4 b2 35. Nd2 b1=Q+ 36. Nxb1 Rxb1+ 37. Kg2 Rc1 38. Rc6 g5 39. fxg5 Bxe5 40. h4 Rc3 41. Kf2 Bg3+ 42. Ke2 Bxh4 43. Kd2 Ra3 44. Rc8 Bxg5+ 45. Kc2 Bf6 46. c5 Rc3+ 47. Kd2 h5 48. c6 h4 49. Ke2 h3 50. Kf2 Bd4+ 51. Kf1 Rc1+ 52. Ke2 h2 0-1


[Site "https://www.chess.com"]

[Event "Titled Tuesday Blitz July 18 Early 2023"]
[White "Palencia Morales, Wilson Guillermo"]
[Black "Dzhumagaliev, Yan"]
[WhiteFideId "4401859"]
[BlackFideId "24100110"]
[WhiteElo "2556"]
[BlackElo "2751"]
[Result "0-1"]
[Round "6"]
[TimeControl "180+2"]
[Date "2023.07.18"]
[WhiteClock "0:00:26"]
[BlackClock "0:00:58"]
[Board "57"]

1. d4 h5 2. c4 h4 3. Nc3 d6 4. Nf3 h3 5. gxh3 Bxh3 6. Bxh3 Rxh3 7. Rg1 Nd7 8. Qa4 c6 9. Bf4 g6 10. O-O-O Ngf6 11. c5 d5 12. Qb3 b6 13. Ng5 Rh4 14. Bg3 Rh5 15. h4 bxc5 16. e4 c4 17. Qc2 dxe4 18. Ncxe4 Nxe4 19. Qxe4 Nb6 20. Ne6 Qd7 21. Nc7+ Kd8 22. Nxa8 Nxa8 23. Kb1 Bh6 24. Rge1 Nb6 25. Qf3 Qf5+ 26. Qxf5 Rxf5 27. Re5 Rf3 28. Ra5 f5 29. Bb8 Rxf2 30. Rxa7 Nd5 31. a4 c3 32. Rh1 Rxb2+ 33. Ka1 Nb4 0-1


[Site "https://www.chess.com"]

[Event "Titled Tuesday Blitz July 18 Early 2023"]
[White "Nazari, Arad"]
[Black "Portela Peleteiro, Alberto"]
[WhiteFideId "12577324"]
[BlackFideId "22276106"]
[WhiteElo "2748"]
[BlackElo "2555"]
[Result "1-0"]
[Round "6"]
[TimeControl "180+2"]
[Date "2023.07.18"]
[WhiteClock "0:00:27"]
[BlackClock "0:00:47"]
[Board "58"]

1. e4 c5 2. Nf3 Nc6 3. Bb5 g6 4. Bxc6 dxc6 5. d3 Bg7 6. h3 Nf6 7. Be3 O-O 8. Nc3 b6 9. Qd2 Ne8 10. Bh6 Nc7 11. h4 f6 12. Bxg7 Kxg7 13. O-O-O e5 14. Nh2 Ne6 15. Ne2 a5 16. f4 a4 17. a3 b5 18. fxe5 fxe5 19. Ng4 Nf4 20. Nxe5 Qd6 21. Nxf4 Qxe5 22. g3 b4 23. axb4 a3 24. Qc3 Qxc3 25. bxc3 cxb4 26. cxb4 Bg4 27. Rde1 Rfb8 28. c3 c5 29. Nd5 Be6 30. Nc7 cxb4 31. Nxe6+ Kf6 32. Nc7 b3 33. Nxa8 Rxa8 34. Kb1 Ke6 35. d4 Rc8 36. Re3 Kd6 37. c4 Rxc4 38. Rxb3 Rxd4 39. Rxa3 Rxe4 40. Rf1 Ke5 41. Kc2 h5 42. Kd3 Rg4 43. Rf3 Rb4 44. Ra5+ Ke6 45. Rg5 Rb3+ 46. Ke2 Rb2+ 47. Kf1 Rb1+ 48. Kg2 Rb2+ 49. Rf2 Rb4 50. Rxg6+ Ke7 51. Rg5 Ke8 52. Rxh5 Ke7 53. Rg5 Ke8 54. h5 Rb6 55. Rg6 Rb5 56. h6 Rh5 57. g4 Rh4 58. g5 Rh5 59. Rg7 Rh4 60. Ra2 1-0


[Site "https://www.chess.com"]

[Event "Titled Tuesday Blitz July 18 Early 2023"]
[White "Mikhailovsky, Vladimir"]
[Black "Garv Gaur"]
[WhiteFideId "34105414"]
[BlackFideId "45030839"]
[WhiteElo "2737"]
[BlackElo "2553"]
[Result "0-1"]
[Round "6"]
[TimeControl "180+2"]
[Date "2023.07.18"]
[WhiteClock "0:00:00"]
[BlackClock "0:00:21"]
[Board "59"]

1. e4 g6 2. d4 Bg7 3. Nf3 c6 4. Bd3 d5 5. e5 Bg4 6. Nbd2 e6 7. h3 Bxf3 8. Nxf3 Ne7 9. O-O Nd7 10. c3 c5 11. Bf4 Nc6 12. Qd2 Qb6 13. Be3 cxd4 14. cxd4 O-O 15. Rfc1 Rfc8 16. Rc3 Bf8 17. a3 Na5 18. b4 Nc4 19. Bxc4 dxc4 20. d5 Qc7 21. d6 Qc6 22. a4 Bg7 23. Bd4 Qd5 24. Qe3 Nb8 25. Rac1 a6 26. Bb6 Nd7 27. Bd4 b5 28. a5 Nb8 29. Rd1 Nc6 30. Rd2 Nxb4 31. Bb6 Nd3 32. Ne1 Bxe5 33. Nxd3 Bxc3 34. Rd1 cxd3 35. Rxd3 Qe5 36. d7 Rd8 37. Qxe5 Bxe5 38. Bxd8 Rxd8 39. g3 Bc7 0-1


[Site "https://www.chess.com"]

[Event "Titled Tuesday Blitz July 18 Early 2023"]
[White "Goltsev, Dmitry"]
[Black "Zavgorodniy, Sergiy"]
[WhiteFideId "24176710"]
[BlackFideId "14110148"]
[WhiteElo "2735"]
[BlackElo "2580"]
[Result "1-0"]
[Round "6"]
[TimeControl "180+2"]
[Date "2023.07.18"]
[WhiteClock "0:00:03"]
[BlackClock "0:00:17"]
[Board "60"]

1. e4 e5 2. Nf3 d6 3. d4 exd4 4. Nxd4 Nf6 5. Nc3 Be7 6. Be2 O-O 7. O-O Re8 8. Bg5 Nxe4 9. Bxe7 Rxe7 10. Nd5 Re8 11. Bd3 Nc5 12. Re1 Rxe1+ 13. Qxe1 Nxd3 14. cxd3 Bd7 15. Qe4 c6 16. Ne7+ Kh8 17. Re1 Na6 18. Re3 Nc5 19. Qh4 h6 20. b4 Ne6 21. Ndf5 Qf8 22. Nxd6 g5 23. Qh5 Qxe7 24. Qxh6+ Kg8 25. Rh3 Qf6 26. Qxf6 1-0


[Site "https://www.chess.com"]

[Event "Titled Tuesday Blitz July 18 Early 2023"]
[White "Arencibia Monduy, Antonio"]
[Black "Suyarov, Mukhammadzokhid"]
[WhiteFideId "3507939"]
[BlackFideId "14210495"]
[WhiteElo "2552"]
[BlackElo "2722"]
[Result "1/2-1/2"]
[Round "6"]
[TimeControl "180+2"]
[Date "2023.07.18"]
[WhiteClock "0:00:03"]
[BlackClock "0:00:40"]
[Board "61"]

1. e4 e6 2. d4 d5 3. e5 c5 4. c3 Nc6 5. Nf3 Bd7 6. Bd3 cxd4 7. O-O Qb6 8. a3 Rc8 9. b4 dxc3 10. Nxc3 Nxb4 11. axb4 Rxc3 12. Be3 Qxb4 13. Rxa7 Ne7 14. Bd2 Qb6 15. Rxb7 Qxb7 16. Bxc3 Ng6 17. Qd2 Be7 18. Rb1 Qc8 19. h4 Nxh4 20. Nxh4 Bxh4 21. Bb4 f5 22. Bd6 Kf7 23. Rb8 Qxb8 24. Bxb8 Rxb8 25. Qa5 Ke8 26. g3 Bd8 27. Qa7 Rb4 28. Qc5 Rb2 29. Qc3 Rb8 30. g4 g6 31. gxf5 gxf5 32. Qd2 Kf7 33. Qh6 Kg8 34. Be2 Be7 35. Qe3 Be8 36. Qa7 Rb1+ 37. Kg2 Kf8 38. Qe3 Bg6 39. Qh6+ Kf7 40. Bh5 Bxh5 41. Qxh7+ Ke8 42. Qxh5+ Kd7 43. Qe2 Rb4 44. Qa6 Re4 45. Qb7+ Ke8 46. Qb8+ Kf7 47. f3 Re2+ 48. Kf1 Rh2 49. Kg1 Rh7 50. Kg2 Rg7+ 51. Kf2 Rg8 52. Qb3 d4 53. Qd3 Rc8 54. Kg3 Rg8+ 55. Kf2 Rd8 56. Kg3 Bg5 57. f4 Be7 58. Kf3 Rd7 59. Ke2 Rd5 60. Qh3 d3+ 61. Kd1 Ke8 62. Qh5+ Kd7 63. Qf3 Rd4 64. Qb7+ Ke8 65. Qa8+ Kf7 66. Qf3 d2 67. Qh5+ Kg7 68. Qh3 Rxf4 69. Kxd2 Re4 70. Qg3+ Kf7 71. Kd3 Rg4 72. Qh2 Kg7 73. Qh5 Rg6 74. Qh3 Bf8 75. Qh1 Kg8 76. Qb7 Bg7 77. Qb8+ Kh7 78. Qc8 Bxe5 79. Qe8 Bg7 80. Ke3 e5 81. Qd8 Bh6+ 82. Kf3 e4+ 83. Kf2 Bg5 84. Qd7+ Kh6 85. Qxf5 Rf6 86. Qxf6+ Bxf6 87. Ke3 Kg5 88. Kxe4 1/2-1/2


[Site "https://www.chess.com"]

[Event "Titled Tuesday Blitz July 18 Early 2023"]
[White "2KRK1"]
[Black "Ezat, Mohamed"]
[BlackFideId "10600906"]
[WhiteElo "2688"]
[BlackElo "2545"]
[Result "0-1"]
[Round "6"]
[TimeControl "180+2"]
[Date "2023.07.18"]
[WhiteClock "0:00:00"]
[BlackClock "0:00:21"]
[Board "62"]

1. Nf3 Nf6 2. b3 g6 3. Bb2 Bg7 4. g3 O-O 5. Bg2 d6 6. d4 e5 7. dxe5 Nfd7 8. O-O Nc6 9. c4 Ndxe5 10. Qd2 a5 11. Nc3 a4 12. Nxa4 Nxc4 13. bxc4 Rxa4 14. Bxg7 Kxg7 15. Qc2 Ra5 16. Rfd1 Qf6 17. Rab1 Bf5 18. e4 Bg4 19. Rd3 Rfa8 20. a3 Rxa3 21. Rxa3 Rxa3 22. Ne1 Nd4 23. Qb2 Rb3 24. Qa1 b6 25. h3 Be6 26. Rxb3 Ne2+ 0-1


[Site "https://www.chess.com"]

[Event "Titled Tuesday Blitz July 18 Early 2023"]
[White "Hajiyev, Kanan"]
[Black "Alex_Sahakyan2006"]
[WhiteFideId "13404148"]
[WhiteElo "2544"]
[BlackElo "2687"]
[Result "1-0"]
[Round "6"]
[TimeControl "180+2"]
[Date "2023.07.18"]
[WhiteClock "0:01:25"]
[BlackClock "0:00:19"]
[Board "63"]

1. d4 Nf6 2. Nf3 d5 3. c4 e6 4. cxd5 exd5 5. Nc3 c6 6. Qc2 g6 7. Bg5 Be7 8. e3 Bf5 9. Bd3 Bxd3 10. Qxd3 O-O 11. O-O Ne4 12. Bh6 Re8 13. Nxe4 dxe4 14. Qxe4 Nd7 15. Qf4 Qa5 16. Bg5 Bf8 17. Qh4 Qd5 18. b3 Re4 19. Qh3 h5 20. Bf4 Nf6 21. Qg3 Rae8 22. Rac1 Qc5 23. dxc5 1-0


[Site "https://www.chess.com"]

[Event "Titled Tuesday Blitz July 18 Early 2023"]
[White "Trifan, Andrei Ioan"]
[Black "Itgelt, Khuyagtsogt"]
[WhiteFideId "12967068"]
[BlackFideId "4902912"]
[WhiteElo "2542"]
[BlackElo "2680"]
[Result "0-1"]
[Round "6"]
[TimeControl "180+2"]
[Date "2023.07.18"]
[WhiteClock "0:00:27"]
[BlackClock "0:01:35"]
[Board "64"]

1. e4 e6 2. d4 d5 3. exd5 exd5 4. Nf3 Nc6 5. Bd3 Bd6 6. O-O Nge7 7. c3 Bg4 8. h3 Bh5 9. Nbd2 Qd7 10. Qb3 O-O-O 11. a4 g5 12. Nh2 g4 13. hxg4 Bxh2+ 14. Kxh2 Qxg4 15. Nf3 Rdg8 16. Rg1 Bg6 0-1


[Site "https://www.chess.com"]

[Event "Titled Tuesday Blitz July 18 Early 2023"]
[White "Nouri, Alekhine"]
[Black "Tikhonov, Viacheslav"]
[WhiteFideId "5216184"]
[BlackFideId "44196407"]
[WhiteElo "2678"]
[BlackElo "2537"]
[Result "1-0"]
[Round "6"]
[TimeControl "180+2"]
[Date "2023.07.18"]
[WhiteClock "0:02:21"]
[BlackClock "0:00:58"]
[Board "65"]

1. e4 c5 2. Nc3 Nc6 3. Bb5 Nd4 4. Nf3 e6 5. O-O a6 6. Bd3 Nc6 7. b3 g5 8. Bb2 g4 9. Ne1 Bg7 10. Qxg4 Bd4 11. Nf3 Ne5 12. Nxe5 Bxe5 13. f4 Bd4+ 14. Kh1 h5 15. Qf3 Nf6 16. Na4 Ng4 17. c3 Qh4 18. h3 Bg7 19. Nb6 Rb8 20. e5 Rg8 21. c4 d6 22. Be4 dxe5 23. fxe5 Nxe5 24. Bxe5 Bxe5 25. Qxf7+ 1-0


[Site "https://www.chess.com"]

[Event "Titled Tuesday Blitz July 18 Early 2023"]
[White "Rychagov, Andrey"]
[Black "Ortega Amarelle, Mariano"]
[WhiteFideId "4119932"]
[BlackFideId "3504301"]
[WhiteElo "2677"]
[BlackElo "2534"]
[Result "1-0"]
[Round "6"]
[TimeControl "180+2"]
[Date "2023.07.18"]
[WhiteClock "0:00:06"]
[BlackClock "0:00:00"]
[Board "66"]

1. d4 Nf6 2. c4 e6 3. Nf3 b6 4. a3 d5 5. Nc3 Bb7 6. cxd5 Nxd5 7. e3 Be7 8. Bb5+ c6 9. Bd3 O-O 10. Qc2 h6 11. e4 Nxc3 12. bxc3 c5 13. O-O Ba6 14. Rd1 Qc7 15. d5 exd5 16. Bxa6 Nxa6 17. exd5 c4 18. Nd4 Nc5 19. Nf5 Nd3 20. Qe2 Bf6 21. d6 Qc5 22. g4 Rfe8 23. Be3 Qd5 24. Qd2 Qf3 25. a4 Qxg4+ 26. Ng3 h5 27. Qe2 Bxc3 28. Qxg4 hxg4 29. Ra2 Be5 30. Rc2 Bxg3 31. hxg3 Red8 32. Rxc4 Rxd6 33. Rxg4 Rad8 34. Rc4 Ne5 35. Rxd6 Rxd6 36. Rc8+ Kh7 37. Bf4 Rd1+ 38. Kg2 Ng6 39. Be3 Rd7 40. g4 Ne5 41. Kg3 f6 42. Bf4 Nd3 43. Bb8 Nc5 44. a5 Na6 45. axb6 axb6 46. Bf4 Rb7 47. Ra8 Nc5 48. Be3 Ne6 49. Re8 Ng5 50. f4 Nf7 51. g5 fxg5 52. fxg5 Kg6 53. Kg4 Kh7 54. Bd4 b5 55. Kf5 g6+ 56. Ke6 1-0


[Site "https://www.chess.com"]

[Event "Titled Tuesday Blitz July 18 Early 2023"]
[White "Nagare Kaivalya Sandip"]
[Black "Jimenez Almeida, Luis David"]
[WhiteFideId "25957929"]
[BlackFideId "22242244"]
[WhiteElo "2669"]
[BlackElo "2532"]
[Result "0-1"]
[Round "6"]
[TimeControl "180+2"]
[Date "2023.07.18"]
[WhiteClock "0:00:05"]
[BlackClock "0:00:31"]
[Board "67"]

1. e4 c5 2. Nf3 e6 3. d4 cxd4 4. Nxd4 a6 5. c4 Nf6 6. Nc3 Bb4 7. Bd3 Bxc3+ 8. bxc3 d6 9. O-O Nbd7 10. Bc2 O-O 11. f4 Qa5 12. Qf3 Qc5 13. Kh1 Qxc4 14. Bb3 Qc7 15. Bb2 Nc5 16. Bc2 e5 17. fxe5 dxe5 18. Nb3 Ne6 19. c4 Nd7 20. Qg3 f6 21. Rac1 Ndc5 22. Bd1 b6 23. Bg4 Nf4 24. Bf3 Be6 25. Rfd1 Rfd8 26. Rd5 Bxd5 27. cxd5 Nfd3 28. Nxc5 bxc5 29. Rc2 Rab8 30. Bc1 Rb1 31. Bd1 Nxc1 32. Qc3 Nxa2 33. Qd3 Nb4 34. Qc4 0-1


[Site "https://www.chess.com"]

[Event "Titled Tuesday Blitz July 18 Early 2023"]
[White "FoxOnTheRun97"]
[Black "Haug, Havard"]
[BlackFideId "1547887"]
[WhiteElo "2530"]
[BlackElo "2655"]
[Result "1/2-1/2"]
[Round "6"]
[TimeControl "180+2"]
[Date "2023.07.18"]
[WhiteClock "0:00:10"]
[BlackClock "0:00:04"]
[Board "68"]

1. d4 d5 2. c4 e6 3. Nc3 c5 4. cxd5 cxd4 5. Qa4+ Bd7 6. Qxd4 exd5 7. Qxd5 Nf6 8. Qd1 Bc5 9. e3 O-O 10. Nf3 Nc6 11. a3 Qe7 12. Be2 Rfd8 13. Qc2 g6 14. O-O Bf5 15. Qb3 Na5 16. Qa4 Nc6 17. b4 Bd6 18. Nb5 Be5 19. Nxe5 Qxe5 20. Ra2 a6 21. Bb2 axb5 22. Bxe5 bxa4 23. Bxf6 Rdc8 24. g4 Be6 25. Rc2 Na7 26. Rfc1 Bb3 27. Rc7 Bd5 28. Bd4 Nc6 29. Rxc8+ Rxc8 30. b5 Ne7 31. Rxc8+ Nxc8 32. Bc5 b6 33. Bd4 Be6 34. Kf1 Nd6 35. Bxb6 Bd7 36. Bc5 Nxb5 37. Ke1 Nc3 38. Bf3 f5 39. gxf5 gxf5 40. Bb4 Ne4 41. Be2 Kf7 42. Bc4+ Be6 43. Bb5 Bb3 44. f3 Nf6 45. Kd2 Nd5 46. Bc5 Ke6 47. Kd3 Ke5 48. Bc4 Bd1 49. Bd4+ Kd6 50. f4 Bf3 51. Be5+ Kc5 52. Bd4+ Kc6 53. h4 Be4+ 54. Kd2 Kd6 55. Bd3 Ke6 56. Bb5 Nc7 57. Bxa4 Kd6 58. Bc2 Kd5 59. Bxe4+ Kxe4 60. a4 Na6 61. a5 Kf3 62. Kc3 Kg4 63. Kc4 Kxh4 64. Kb5 Nc7+ 65. Kb6 Ne6 66. a6 Nxd4 67. exd4 Kg3 68. a7 Kxf4 69. a8=Q Kg3 70. Qh1 f4 71. Qxh7 f3 72. Qf5 f2 73. d5 Kg2 74. Qxf2+ Kh1 75. d6 1/2-1/2


[Site "https://www.chess.com"]

[Event "Titled Tuesday Blitz July 18 Early 2023"]
[White "benny_aizenberg"]
[Black "AyMitecK"]
[WhiteElo "2653"]
[BlackElo "2528"]
[Result "0-1"]
[Round "6"]
[TimeControl "180+2"]
[Date "2023.07.18"]
[WhiteClock "0:00:03"]
[BlackClock "0:00:46"]
[Board "69"]

1. g4 d5 2. g5 c6 3. h4 h6 4. Bg2 hxg5 5. hxg5 Rxh1 6. Bxh1 e5 7. d3 Ne7 8. Nc3 Ng6 9. e4 d4 10. Nce2 Bg4 11. Bf3 Be6 12. Bh5 Nh4 13. Kf1 g6 14. Bf3 Be7 15. Qd2 Nd7 16. Ng3 Nf8 17. Be2 Nh7 18. f4 exf4 19. Qxf4 Bxg5 20. Qe5 Bf6 21. Qf4 g5 22. Qf2 Qe7 23. Nh5 Be5 24. c3 O-O-O 25. Bd2 Ng6 26. Nf3 dxc3 27. bxc3 Bh3+ 28. Ke1 Bc7 29. Qxa7 g4 30. Rb1 Bb8 31. Qa8 gxf3 32. Bxf3 Ne5 33. Be2 Nxd3+ 34. Kd1 Nf2+ 35. Kc1 Rxd2 36. Kxd2 Nxe4+ 37. Kc2 Bf5 38. Bd3 Nhg5 39. Ng7 Bg6 40. Rh1 Nh7 41. Nh5 Nf2 42. Bxg6 fxg6 43. Rb1 gxh5 44. Rb4 Ne4 45. Kb2 Nc5 46. Qa5 Nd3+ 47. Kb3 Nxb4 48. Qf5+ Qd7 49. Qf1 Nd5 50. a4 Nhf6 51. a5 Qe6 52. Ka3 Nxc3 53. Kb4 Ncd5+ 54. Ka3 Bd6+ 55. Kb2 Qe5+ 56. Kb1 Qe4+ 57. Kb2 Be5+ 58. Ka3 Qb4+ 59. Ka2 Qb2# 0-1


[Site "https://www.chess.com"]

[Event "Titled Tuesday Blitz July 18 Early 2023"]
[White "Philippe, Guillaume"]
[Black "Schwabeneder, Florian"]
[WhiteFideId "36048763"]
[BlackFideId "1626191"]
[WhiteElo "2525"]
[BlackElo "2646"]
[Result "0-1"]
[Round "6"]
[TimeControl "180+2"]
[Date "2023.07.18"]
[WhiteClock "0:00:08"]
[BlackClock "0:00:28"]
[Board "70"]

1. e4 e6 2. d4 d5 3. Nc3 h6 4. Nf3 Nf6 5. e5 Ne4 6. Bd3 Bb4 7. Bd2 Nxd2 8. Qxd2 c5 9. dxc5 Nc6 10. a3 Bxc5 11. O-O O-O 12. Ne2 f6 13. Qc3 Bb6 14. Ng3 fxe5 15. Nxe5 Nxe5 16. Qxe5 Qf6 17. Qh5 Bd7 18. Rae1 Bxf2+ 19. Kh1 Qg5 20. Qxg5 hxg5 21. Re5 Bd4 22. Rxg5 Rxf1+ 23. Nxf1 Bxb2 24. Ne3 Bxa3 25. Ng4 Be7 26. Rh5 a5 27. Ne5 Be8 28. Bg6 Bf6 29. Bxe8 Rxe8 30. Ng6 Kf7 31. Nf4 a4 32. Rh3 Ra8 33. Ra3 b5 34. Nd3 Ke7 35. g3 Kd6 36. Kg2 e5 37. Kf2 e4 38. Nf4 b4 39. Ra2 Kc5 40. Ke3 Bg5 41. h4 Bxf4+ 42. gxf4 Kc4 43. h5 a3 44. f5 Kc3 45. Kf4 Ra6 46. Kg5 e3 47. f6 Rxf6 48. h6 Rxh6 49. Ra1 e2 50. Re1 Kd2 51. Rg1 e1=Q 52. Rxe1 Kxe1 53. Kg4 Kd2 54. c4 dxc4 55. Kg5 Rf6 56. Kg4 a2 57. Kg5 a1=Q 58. Kg4 Qg1+ 59. Kh3 Rh6# 0-1


[Site "https://www.chess.com"]

[Event "Titled Tuesday Blitz July 18 Early 2023"]
[White "Jeet, Jain"]
[Black "Marosi, Levente"]
[WhiteFideId "5073022"]
[BlackFideId "747181"]
[WhiteElo "2646"]
[BlackElo "2522"]
[Result "0-1"]
[Round "6"]
[TimeControl "180+2"]
[Date "2023.07.18"]
[WhiteClock "0:01:18"]
[BlackClock "0:01:12"]
[Board "71"]

1. d4 Nf6 2. Nf3 g6 3. Bf4 Bg7 4. e3 O-O 5. h3 d6 6. Nbd2 c5 7. c3 b6 8. Be2 Bb7 9. O-O Nbd7 10. Bh2 a6 11. a4 Rc8 12. b4 cxb4 13. cxb4 Rc7 14. Rc1 Rxc1 15. Qxc1 Qa8 16. Qb2 Rc8 17. Rc1 Ne4 18. Rxc8+ Qxc8 19. Nxe4 Bxe4 20. Nd2 Bb7 21. Bc4 Nf6 22. Qb3 e6 23. Bxd6 Qc6 24. f3 Qxd6 25. Qc3 Bf8 26. b5 axb5 27. Bxb5 Nd5 28. Qd3 Qg3 29. Nf1 Qe1 30. Qe4 Bh6 31. f4 Bxf4 0-1


[Site "https://www.chess.com"]